 Dungeon Crawl Stone Soup version 0.30.1-4-g462c640d31 (webtiles) character file.

Game seed: 5555960077268711587

105 pkoi the Chopper (level 4, -2/38 HPs)
             Began as a Minotaur Gladiator on Aug 29, 2023.
             Slain by an iguana (10 damage)
             ... on level 3 of the Dungeon.
             The game lasted 00:02:40 (2311 turns).

pkoi the Chopper (Minotaur Gladiator)               Turns: 2311, Time: 00:02:41

Health: -2/38      AC:  5    Str: 20    XL:     4   Next: 53%
Magic:  3/3        EV: 12    Int:  5    God:
Gold:   195        SH:  0    Dex: 12    Spells: 3/3 levels left

rFire   . . .        a - +0 war axe
rCold   . . .        (no shield)
rNeg    . . .        g - +0 leather armour
rPois   .            c - +0 hat
rElec   .            (no cloak)
rCorr   .            l - +0 pair of gloves
SInv    .            h - +0 pair of boots
Will    .....        (no amulet)
Stlth   +            (no ring)
HPRegen 0.26/turn    (no ring)
MPRegen 0.08/turn

%: no passive effects
@: no status effects
A: horns 2, retaliatory headbutt
a: no special abilities


You were on level 3 of the Dungeon.
You visited 1 branch of the dungeon, and saw 4 of its levels.

You collected 195 gold pieces.

Inventory:

Hand Weapons
 a - a +0 war axe (weapon)
 b - a +0 sling
Missiles
 d - 3 throwing nets (quivered)
 e - a javelin
Armour
 c - a +0 hat (worn)
 g - a +0 leather armour (worn)
 h - a +0 pair of boots (worn)
 l - a +0 pair of gloves (worn)
Wands
 m - a wand of flame (13)
Scrolls
 f - a scroll of fear {unknown}
 n - 2 scrolls of teleportation
 q - a scroll of noise {unknown}
Potions
 i - a potion of haste
 j - a potion of heal wounds
 k - a potion of magic
 o - 2 potions of flight
 p - 2 potions of curing {unknown}
 r - a potion of attraction {unknown}


   Skills:
 + Level 3.5 Fighting
 + Level 4.5 Axes
 + Level 1.7 Ranged Weapons
 - Level 2.2 Throwing
 + Level 2.3 Armour
 - Level 3.2 Dodging


You had 3 spell levels left.
You didn't know any spells.
Your spell library was empty.

Dungeon Overview and Level Annotations

Branches:
Dungeon (4/15)
 Temple: D:4-7

Altars:
Ashenzari
Fedhas
Zin

Shops:
D:2 [


Innate Abilities, Weirdness & Mutations

You have a pair of horns on your head.
You reflexively headbutt those who attack you in melee.


Message History

There is a stone staircase leading up here.
There is a stone staircase leading up here.
You now have 179 gold pieces (gained 11).
Found a blossoming altar of Fedhas.
r - a brown potion You now have 195 gold pieces (gained 16).
Found a stone staircase leading down.
There is a blossoming altar of Fedhas here.
There is a stone staircase leading down here.
There is an escape hatch in the ceiling here.
Done exploring.
Done exploring.
Done exploring.
(D) Dungeon
Where to? (Enter - D:3, ? - help)
There is a stone staircase leading down here.
You climb downwards.
The iguana hisses angrily.
There is a stone staircase leading up here.
An iguana is nearby!
An ogre comes into view. It is wielding a +0 giant spiked club.
The ogre shouts!
You closely miss the ogre. Your headbutt misses the ogre.
The ogre hits you with a +0 giant spiked club!!
You slash the ogre! Your headbutt misses the ogre.
The ogre is moderately wounded.
You closely miss the iguana. The iguana closely misses you.
You furiously retaliate!
You headbutt the iguana. The ogre closely misses you. The iguana bites you.
The iguana attacks as you move away! The iguana barely misses you.
The iguana hisses menacingly.
There is a stone staircase leading up here.
The iguana bites you!
* * * LOW HITPOINT WARNING * * *
You climb upwards.
There is a stone staircase leading down here.
You closely miss the iguana. Your punch misses the iguana.
The iguana is lightly wounded.
The iguana bites you!
You die...

.###...# #...#####.#####.#
#
.#[##..###..............<#
#
.##.#...##..######.#######
# ..##........# ###.# #
#.....##....# #...# #
...)†#.##.#.####.#.# #
#....##.#.#.##.._..# #
...#..###...##.#l###
#####.......##..@# #
####..#.##...# #
#.<#.####.#
########....####.#
.................#
########.#..###### #<#..#
#.#..###############
#..................##


You could see an iguana.

Vanquished Creatures
  4 adders
  2 worms (D:2)
  3 dart slugs
  An orc (D:3)
  4 ball pythons
  5 bats
  8 endoplasms
  2 giant cockroaches (D:1)
  3 goblins
  4 hobgoblins
  3 jackals (D:2)
  2 kobolds (D:1)
  3 quokkas
  4 frilled lizards
  7 rats
55 creatures vanquished.

Notes
Turn   | Place    | Note
-------+----------+-------------------------------------------
     0 | D:1      | pkoi the Minotaur Gladiator began the quest for the Orb.
     0 | D:1      | Reached XP level 1. HP: 18/18 MP: 0/0
   258 | D:1      | Reached XP level 2. HP: 25/25 MP: 1/1
   293 | D:1      | Reached skill level 1 in Armour
   407 | D:1      | Reached skill level 4 in Axes
   480 | D:1      | You fall into a shaft and drop 1 floor!
   487 | D:2      | Reached XP level 3. HP: 30/31 MP: 2/2
   599 | D:1      | Reached skill level 1 in Ranged Weapons
   800 | D:2      | Found Qull's Antique Armour Shop.
   921 | D:2      | Found a glowing silver altar of Zin.
  1128 | D:2      | Reached XP level 4. HP: 38/38 MP: 3/3
  1931 | D:3      | Found a broken altar of Ashenzari.
  2209 | D:3      | Found a blossoming altar of Fedhas.
  2303 | D:4      | Noticed an ogre
  2311 | D:3      | Slain by an iguana

Illustrated notes

Levels and vault maps discovered:
D:1:      minmay_arrival_wavy_path, layout_rooms, st_stairs_10,
          minmay_pentomino_z2
D:2:      layout_loops_cross, serial_shops, shop, basic_altar
D:3:      layout_loops_ring, nicolae_ashenzari_skybound, lemuel_crystal_altar,
          minmay_bisected
D:4:      layout_loops_corners, mainiacjoe_overflow_alcove_4,
          minmay_temple_entry_mist, serial_glass, glass_columns_c,
          glass_columns_a

Skill      XL: |  1  2  3 |
---------------+----------+-----
Armour         | 1 2 |  2.3
Axes           | 4 |  4.5
Fighting       | 3 |  3.5
Ranged Weapons | 1 |  1.7
Throwing       | |  2.2
Dodging        | |  3.2

Action                     |  1- 3 |  4- 6 || total
---------------------------+-------+-------++-------
  Melee: War axe           |    58 |    35 ||    93
         Headbutt          |     8 |     4 ||    12
         Punch             |       |     1 ||     1
   Fire: Sling             |    25 |       ||    25
    Use: Scroll            |     2 |     3 ||     5
         Potion            |     1 |     2 ||     3
 Armour: Leather armour    |    10 |     9 ||    19
  Dodge: Dodged            |    43 |    34 ||    77
